 Dungeon Crawl Stone Soup version 0.29.1-15-g9cfb28693d (webtiles) character file.

Game seed: 2213187216694033280

3870 hawla the Thaumaturge (level 10, -5/73 HPs)
             Began as a Meteoran Fire Elementalist on Apr 23, 2023.
             Was a Follower of Vehumet.
             Slain by an orc warrior
             ... wielding a +0 battleaxe
              (18 damage)
             ... on level 9 of the Dungeon on Apr 24, 2023.
             The game lasted 00:22:17 (3645 turns).

hawla the Thaumaturge (Meteoran Fire Elementalist)  Turns: 3645, Time: 00:22:17

Health: -5/73      AC:  3    Str: 10      XL:     10   Next: 69%
Magic:  20/25      EV: 13    Int: 21 (23) God:    Vehumet [*.....]
Gold:   101        SH:  0    Dex: 13      Spells: 23/30 levels left

rFire   + . .      SeeInvis .   d - +10 whip "Lys Wokasix" {spect, rPois Int+2}
rCold   x . .      Faith    .   (no shield)
rNeg    . . .      Spirit   .   a - +1 robe
rPois   +          Reflect  .   (no helmet)
rElec   .          Harm     .   (no cloak)
rCorr   .          Rampage  .   (no gloves)
Will    +....                   (no boots)
Stlth   +.........              (no amulet)
HPRegen 0.22/turn               o - ring of fire
MPRegen 0.19/turn               (no ring)

@: confused, ambrosia-drunk, glowing
A: sense surroundings 2, otherworldly, glowing, explore regen, clumsy 1,
deterioration 1, MP-powered wands
a: Renounce Religion


You were on level 9 of the Dungeon.
You worshipped Vehumet.
Vehumet was aware of your devotion.
You visited 3 branches of the dungeon, and saw 11 of its levels.
You also visited: Sewer.

You collected 279 gold pieces.
You spent 178 gold pieces at shops.

Inventory:

Hand Weapons
 d - the +10 whip "Lys Wokasix" (weapon) {spect, rPois Int+2}
   (You found it on level 4 of the Dungeon)

   When its wielder attacks, the weapon's spirit leaps out and strikes again.
   The spirit shares a part of any damage it takes with its wielder.
   Int:       It affects your intelligence (+2).
   rPois:     It protects you from poison.
Armour
 a - a +1 robe (worn)
Magical Staves
 m - a staff of death
Jewellery
 o - a ring of fire (left hand)
Wands
 b - a wand of digging (10)
 q - a wand of flame (9) (quivered)
 r - a wand of mindburst (4)
Scrolls
 f - a scroll of enchant armour
 i - 5 scrolls of teleportation
 j - 2 scrolls of amnesia {unknown}
 k - 2 scrolls of acquirement {unknown}
 n - a scroll of fear {unknown}
Potions
 c - a potion of ambrosia
 e - 5 potions of curing
 g - a potion of degeneration {unknown}
 h - a potion of flight {unknown}
 l - a potion of brilliance
 p - a potion of lignification {unknown}


   Skills:
 + Level 2.2 Fighting
 + Level 2.5 Maces & Flails
 + Level 4.2 Dodging
 - Level 1.4 Stealth
 + Level 10.5 Spellcasting
 + Level 6.9 Conjurations
 + Level 3.0 Necromancy
 + Level 10.3 Fire Magic
 + Level 3.0 Evocations


You had 23 spell levels left.
You knew the following spells:

 Your Spells              Type           Power      Damage    Failure   Level
a - Foxfire               Conj/Fire      100%       2x1d9     1%          1
b - Scorch                Fire           100%       2d10      1%          2
c - Flame Wave            Conj/Fire      63%        2d15      1%          4

Your spell library contained the following spells:

 Spells                   Type           Power      Damage    Failure   Level
 Magic Dart               Conj           100%       1d8       1%          1
 Necrotise                Necr           92%        1d8       1%          1
 Conjure Flame            Conj/Fire      63%        6-21      1%          3
 Inner Flame              Hex/Fire       49%        N/A       2%          3
 Apportation              Tloc           22%        N/A       6%          1
 Summon Small Mammal      Summ           44%        N/A       6%          1
 Dispel Undead            Necr           23%        3d12      19%         4
 Corpse Rot               Necr/Pois/Air  15%        N/A       38%         4
 Summon Lightning Spire   Summ/Air       11%        N/A       52%         4
 Death Channel            Necr           11%        N/A       95%         6
 Storm Form               Tmut/Air       5%         N/A       100%        7
 Maxwell's Capacitive Co  Air            5%         ∞         100%        8


Dungeon Overview and Level Annotations

Branches:
Dungeon (9/15) Zot: 2267   Temple (1/1) D:6 Zot: 429     Orc (1/2) D:9 Zot: 592
  Sewer (visited)
   Lair: D:8-11

Altars:
Ashenzari
Cheibriados
Dithmenos
Elyvilon
Fedhas
Gozag
Hepliaklqana
Kikubaaqudgha
Makhleb
Nemelex Xobeh
Okawaru
Qazlal
Ru
Sif Muna
Trog
Uskayaw
Vehumet
Wu Jian
Xom
Yredelemnul
Zin
The Shining One

Shops:
D:8 *


Innate Abilities, Weirdness & Mutations

You passively map the area around you.
You are easily found by Zot.
You glow in the dark.
You regain HP and MP as you explore.
You are clumsy. (Dex -2)
Your body sometimes deteriorates upon taking damage.
You expend magic power (3 MP) to strengthen your wands.


Message History

Unknown command.
Casting: Scorch (safe; 1% risk of failure)
Confirm with . or Enter, or press ? or * to list all spells.
Casting: Flame Wave (dangerous; 1% risk of failure)
Press: ? - help, Dir - look around, f - activate You feel a surge of power!
A wave of flame ripples out! (Press . to intensify the flame waves.)
An orc wizard comes into view. It is wielding a +0 dagger.
An orc warrior comes into view. It is wielding a +0 glaive.
The orc warrior hits you but does no damage.
A wave of flame ripples out!
The flame wave engulfs the orc warrior but does no damage.
The orc warrior is lightly wounded.
The flame wave engulfs the orc warrior.
The orc warrior is heavily wounded.
The orc warrior hits you from afar with a +3 glaive!!
The orc warrior hits you with a +0 battleaxe!
The orc warrior is no longer more vulnerable to fire.
The orc warrior closely misses you.
The orc warrior hits you from afar with a +3 glaive!
* * * LOW HITPOINT WARNING * * *
You climb upwards.
Welcome back to the Dungeon!
There is a staircase to the Orcish Mines here.
You feel better.
The orc warrior hits you with a +0 battleaxe!!
* * * LOW HITPOINT WARNING * * *
Your body deteriorates!
You feel dopey.
Unknown command.
Okay, then.
You feel better. The orc warrior completely misses you.
You are confused.
You feel invigorated.
The orc warrior hits you with a +0 battleaxe.
* * * LOW HITPOINT WARNING * * *
Okay, then.
The orc warrior attacks as you move away!
The orc warrior hits you but does no damage.
The orc warrior attacks as you move away!
The orc warrior hits you with a +0 battleaxe!!
You die...

*** ############## * ,
,, , #..##........# , ,,
#..##........# ,
#..##........# ,, , , *
#..##........#
#............#* , * ,,,
, #..>.......>.# ,, . ,
* #.@o.........# , .. *
, ...###....).....).#*
... ,
.................)##....
*
,..#####._........))...#
, , #..#.......)....# ,
, #<.#..#####..#..# , ,
#..#..# #..#..# ,,
#..#..# #..# .# , #..#
#..# .#


You could see an orc warrior.

Vanquished Creatures
  Erica (D:8)
  Pikel (D:5)
  Maggie (D:7)
  Prince Ribbit (D:7)
  2 wargs (D:9)
  A water moccasin (D:8)
  3 ice beasts
  3 ogres (D:5)
  2 centaurs
  3 lemures (D:5)
  3 bullfrogs
  A necrophage (D:5)
  4 scorpions
  4 wights (D:8)
  2 jellies
  A crimson imp (D:4)
  3 orc priests
  2 hounds
  A gnoll bouda (D:8)
  Ijyb (D:3)
  2 iguanas
  7 adders
  9 gnolls
  3 river rats (Sewer)
  2 white imps
  2 worms
  2 dart slugs
  24 orcs
  11 ball pythons
  A bat (D:3)
  5 endoplasms
  2 giant cockroaches
  5 goblins
  3 hobgoblins (D:4)
  4 jackals (D:3)
  3 kobolds
  A rat (Sewer)
126 creatures vanquished.

Vanquished Creatures (others)
  220 foxfires
220 creatures vanquished.

Grand Total: 346 creatures vanquished

Notes
Turn   | Place    | Note
-------+----------+-------------------------------------------
     0 | D:1      | hawla the Meteoran Fire Elementalist began the quest for
                  | the Orb.
     0 | D:1      | Reached XP level 1. HP: 14/14 MP: 5/5
    20 | D:3      | Noticed Ijyb
    32 | D:3      | Killed Ijyb
    33 | D:3      | Reached XP level 2. HP: 13/20 MP: 0/7
    33 | D:3      | Reached XP level 3. HP: 17/26 MP: 0/8
    36 | D:3      | Learned a level 2 spell: Scorch
   132 | D:3      | Reached XP level 4. HP: 33/33 MP: 7/10
   137 | D:3      | Learned a level 4 spell: Flame Wave
   161 | D:3      | Noticed a scorpion
   168 | D:3      | Killed a scorpion
   169 | D:3      | Reached XP level 5. HP: 38/38 MP: 3/11
   582 | D:3      | Reached XP level 6. HP: 45/45 MP: 3/12
   789 | D:4      | Reached skill level 5 in Fire Magic
   974 | D:4      | Found a shimmering altar of Xom.
   974 | D:4      | Found a burning altar of Makhleb.
  1033 | D:4      | Found a glowing drain.
  1041 | Sewer    | Entered a sewer
  1216 | Sewer    | Reached skill level 5 in Conjurations
  1356 | Sewer    | Gained mutation: You are weak. (Str -2) [potion of
                  | mutation]
  1357 | Sewer    | Lost mutation: You are weak. (Str -2) [potion of mutation]
  1357 | Sewer    | Gained mutation: You are partially covered in large bone
                  | plates. (SH +4) [potion of mutation]
  1357 | Sewer    | Gained mutation: Your spells are a little harder to cast,
                  | but a little more powerful. [potion of mutation]
  1361 | Sewer    | Lost mutation: Your spells are a little harder to cast, but
                  | a little more powerful. [potion of mutation]
  1361 | Sewer    | Lost mutation: You are partially covered in large bone
                  | plates. (SH +4) [potion of mutation]
  1361 | Sewer    | Gained mutation: You have hidden genetic defects. [potion
                  | of mutation]
  1361 | Sewer    | Gained mutation: You expend magic power (3 MP) to
                  | strengthen your wands. [potion of mutation]
  1433 | D:4      | Identified the +10 whip "Lys Wokasix" {spect, rPois Int+2}
  1563 | D:4      | You fall into a shaft and drop 1 floor!
  1563 | D:5      | Entered Level 5 of the Dungeon
  1653 | D:4      | Reached XP level 7. HP: 47/51 MP: 14/14
  1654 | D:4      | Gained mutation: Your body sometimes deteriorates upon
                  | taking damage. [hidden defects]
  1829 | D:5      | Gained mutation: You are clumsy. (Dex -2) [hidden defects]
  1829 | D:5      | Lost mutation: You have hidden genetic defects. [hidden
                  | defects expressed]
  1835 | D:5      | Reached skill level 5 in Spellcasting
  2029 | D:5      | Noticed Pikel
  2061 | D:5      | Killed Pikel
  2062 | D:5      | Reached skill level 1 in Fighting
  2062 | D:5      | Reached XP level 8. HP: 41/59 MP: 7/19
  2272 | D:5      | Identified the +1 plate armour "Cyongea" {rC++ rN++ Dex-3}
  2278 | D:5      | Gained mutation: You passively map the area around you.
                  | [Meteoran growth]
  2278 | D:5      | Reached XP level 9. HP: 64/64 MP: 11/20
  2308 | D:5      | Reached skill level 1 in Maces & Flails
  2333 | D:5      | Reached skill level 1 in Necromancy
  2645 | D:6      | Found an ornate altar of the Wu Jian Council.
  2744 | D:6      | Found a staircase to the Ecumenical Temple.
  2754 | Temple   | Entered the Ecumenical Temple
  2902 | Temple   | Became a worshipper of Vehumet
  2951 | D:7      | Noticed Maggie
  2958 | D:7      | Killed Maggie
  3071 | D:7      | Noticed Prince Ribbit
  3099 | D:7      | Killed Prince Ribbit
  3100 | D:7      | Reached XP level 10. HP: 51/73 MP: 17/24
  3324 | D:8      | Noticed Erica
  3330 | D:8      | Killed Erica
  3349 | D:8      | Found Kaas's Demolitions Depot.
  3364 | D:8      | Reached skill level 10 in Spellcasting
  3433 | D:8      | Found a glowing silver altar of Zin.
  3436 | D:8      | Reached skill level 10 in Fire Magic
  3562 | D:8      | Bought a wand of flame (9) for 94 gold pieces
  3562 | D:8      | Bought a wand of mindburst (4) for 84 gold pieces
  3575 | D:9      | Found a blossoming altar of Fedhas.
  3575 | D:9      | Found a staircase to the Orcish Mines.
  3618 | D:9      | Reached * piety under Vehumet
  3618 | D:9      | Offered knowledge of Magic Dart by Vehumet.
  3632 | Orc:1    | Entered Level 1 of the Orcish Mines
  3641 | D:9      | HP: 1/73 [orc warrior/+0 battleaxe (26)]
  3645 | D:9      | Slain by an orc warrior

Illustrated notes

Levels and vault maps discovered:
D:1:      wander_arrival_desolate, layout_rooms
D:2:      layout_loops_corners, ebering_ecumenical_altar_abandoned, basic_altar,
          minmay_lizard_king, uniq_terence, uniq_sigmund
D:3:      layout_loops_ring, uniq_ijyb
D:4:      layout_basic, grunt_temple_overflow_champion_of_chaos,
          gup_sewer_entry_glass
D:5:      layout_basic, small_statue_alley_b,
          nicolae_concentric_dashed_squares_mild, uniq_pikel
D:6:      layout_cave_pods, pdpol_wu_jian_five_deadly_venoms,
          minmay_temple_entry_statues, serial_shops, nicolae_take_the_stairs,
          chequers_avenue, nrook_campfire
D:7:      layout_basic, lightli_bailey_entry_fortress, uniq_maggie,
          uniq_prince_ribbit1
D:8:      layout_rooms, mainiacjoe_overflow_alcove_4, minmay_misc_feat_chi,
          nicolae_blasting_shop, uniq_erica
D:9:      layout_long_grid, overflow_temple_1_default,
          minmay_orc_entry_guard_dogs
Temple:   nicolae_temple_bog_church
Orc:1:    layout_diamond_mine, serial_shops, nicolae_square_shop, uniq_fannar

Skill      XL: |  1  2  3  4  5  6  7  8  9 10 |
---------------+-------------------------------+-----
Spellcasting   | 3 4 7 9 10 | 10.5
Fire Magic     | 4 5 7 8 10 | 10.3
Conjurations   | 3 4 5 6 |  6.9
Dodging        | 3 4 |  4.2
Fighting       | 1 2 |  2.2
Evocations     | 3 |  3.0
Maces & Flails | 1 2 |  2.5
Necromancy     | 3 |  3.0
Stealth        | |  1.4

Action                   |  1- 3 |  4- 6 |  7- 9 | 10-12 || total
-------------------------+-------+-------+-------+-------++-------
Melee: Unarmed           |     6 |    15 |       |       ||    21
       Whip              |       |     2 |    19 |     3 ||    24
       Punch             |       |     1 |       |       ||     1
 Cast: Foxfire           |    13 |    57 |    40 |    21 ||   131
       Scorch            |     4 |    28 |    30 |    16 ||    78
       Flame Wave        |       |     2 |     4 |     5 ||    11
  Use: Potion            |     1 |     7 |     1 |     3 ||    12
       Scroll            |       |     5 |     1 |       ||     6
Armor: Robe              |     1 |     8 |     3 |     5 ||    17
Dodge: Dodged            |    12 |    32 |    15 |    15 ||    74
